AoeStats
← CrazyBen

Arena

507496038Analyzed
4v4 RM · 14d ago on Sep 18, 2026· 47m 16s· 8 players
Game mode
Random Map
Map size
Large (8 player)
Population
200
Speed
Normal
Resources
Standard
Victory
Conquest
Starting age
Dark Age
Ending age
Imperial Age
RankedLock teamsTeams togetherTeam positionsShared explorationLock speedFull tech treeHidden civsTurbo modeCheats
Victory
Defeat
🇩🇪 Georgians · Germany
1655
+12
🇨🇳 Chinese · China
1599
+14
🇮🇳 Bengalis · India
1499
+17
🇫🇷 Japanese · France
1496
+18
🇨🇳 Malay · China
1575
-16
🇨🇦 Romans · Canada
1572
-16
🇧🇪 Celts · Belgium
1558
-16
🇨🇴 Hindustanis · Colombia
1484
-13
mRmaxime
10:52 Feudal Age
9:34 Loom
12:19 Fletching
16:11 Castle Age
15:25 Double-Bit Axe
17:13 Bow Saw
20:15 Horse Collar
23:16 Stone Mining
27:01 Wheelbarrow
30:35 Imperial Age
28:42 Gold Mining
29:56 Masonry
29:36 Pikeman
30:16 Squires
31:36 Ballistics
31:39 Conscription
31:46 Forging
31:36 Scale Mail Armor
30:59 Halberdier
32:31 Ballistas
32:41 Bloodlines
33:01 Hand Cart
34:11 Heavy Scorpion
35:02 Town Watch
36:33 Architecture
36:11 Siege Engineers
41:49 Caravan
viva2030
11:27 Feudal Age
15:05 Castle Age
13:44 Loom
13:48 Double-Bit Axe
14:11 Horse Collar
16:21 Bow Saw
18:22 Loom
21:16 Wheelbarrow
22:58 Heavy Plow
24:33 Hand Cart
27:32 Imperial Age
25:37 Forging
26:20 Scale Mail Armor
26:55 Iron Casting
25:55 Man-at-Arms
26:20 Gambesons
26:55 Gold Mining
26:57 Stone Mining
26:43 Long Swordsman
27:40 Chain Mail Armor
28:28 Ballistics
28:31 Two-Handed Swordsman
29:54 Plate Mail Armor
30:25 Blast Furnace
31:00 Heavy Scorpion
35:35 Capped Ram
36:15 Arson
36:33 Champion
39:12 Chemistry
39:15 Siege Ram
41:26 Pikeman
42:37 Furor Celtica
42:48 Conscription
42:34 Halberdier
44:13 Fletching
Bo Zhi Shang
10:09 Feudal Age
9:30 Loom
18:01 Fletching
20:58 Castle Age
26:39 Double-Bit Axe
31:27 Imperial Age
29:29 Fletching
30:30 Crossbowman
32:03 Bodkin Arrow
33:57 Arbalester
35:07 Padded Archer Armor
36:07 Bracer
38:09 Chemistry
39:43 Wheelbarrow
39:21 Bow Saw
38:54 Horse Collar
40:07 Gold Mining
41:28 Ballistics
42:28 Hand Cart
43:59 Leather Archer Armor
45:14 Conscription
45:42 Thumb Ring
46:20 Ring Archer Armor
Rojo, el camionero.
9:59 Feudal Age
13:43 Castle Age
12:02 Double-Bit Axe
12:18 Horse Collar
14:43 Bow Saw
22:02 Wheelbarrow
22:32 Heavy Plow
27:36 Imperial Age
24:58 Loom
25:17 Husbandry
25:53 Scale Barding Armor
25:19 Light Cavalry
26:50 Hand Cart
27:34 Bloodlines
27:37 Gold Mining
27:38 Stone Mining
29:45 Chemistry
28:53 Siege Engineers
29:10 Chain Barding Armor
29:00 Forging
28:15 Heavy Camel Rider
28:50 Hussar
30:31 Plate Barding Armor
31:59 Iron Casting
34:30 Imperial Camel Rider
37:03 Two-Man Saw
36:39 Gold Shaft Mining
36:40 Stone Shaft Mining
37:29 Blast Furnace
37:19 Scale Mail Armor
40:45 Conscription
42:26 Chain Mail Armor
43:11 Fletching
KhiTans
7:35 Feudal Age
7:50 Loom
8:03 Double-Bit Axe
12:08 Fletching
23:13 Castle Age
21:38 Stone Mining
24:05 Bow Saw
24:11 Bodkin Arrow
25:30 Guard Tower
27:28 Ballistics
28:32 Svan Towers
30:41 Masonry
31:01 Horse Collar
36:14 Heavy Plow
43:40 Imperial Age
41:17 Treadmill Crane
42:20 Murder Holes
43:07 Stone Shaft Mining
43:18 Scale Barding Armor
44:28 Chain Barding Armor
44:09 Scale Mail Armor
45:01 Wheelbarrow
45:03 Conscription
45:28 Keep
45:19 Arrowslits
46:36 Chemistry
47:18 Plate Barding Armor
46:54 Forging
RyuZaKi
10:43 Feudal Age
14:29 Castle Age
12:40 Double-Bit Axe
12:56 Horse Collar
13:31 Loom
15:37 Bow Saw
15:43 Heavy Plow
24:51 Gold Mining
27:57 Imperial Age
25:31 Fletching
26:47 Wheelbarrow
25:58 Town Watch
26:36 Ballistics
27:00 Bodkin Arrow
27:35 Padded Archer Armor
27:48 Bloodlines
27:39 Husbandry
28:24 Town Patrol
28:42 Hand Cart
29:57 Two-Man Saw
28:32 Elite Elephant Archer
29:41 Bracer
31:01 Chemistry
30:46 Gold Shaft Mining
31:06 Leather Archer Armor
30:41 Siege Elephant
33:08 Ring Archer Armor
34:05 Town Patrol
35:08 Siege Engineers
35:14 Masonry
37:57 Crop Rotation
39:44 Guilds
40:32 Paiks
41:17 Conscription
41:24 Mahayana
CrazyBen
9:30 Feudal Age
11:58 Double-Bit Axe
14:15 Castle Age
13:26 Horse Collar
15:31 Bow Saw
15:48 Heavy Plow
20:01 Wheelbarrow
21:01 Gold Mining
21:10 Stone Mining
21:39 Loom
26:50 Imperial Age
24:26 Scale Mail Armor
25:26 Chain Mail Armor
25:29 Squires
25:41 Forging
26:39 Pikeman
27:54 Conscription
28:10 Plate Mail Armor
27:59 Hand Cart
28:59 Arson
29:53 Iron Casting
29:28 Gambesons
29:04 Man-at-Arms
29:43 Guard Tower
31:56 Blast Furnace
32:09 Elite Samurai
32:32 Long Swordsman
34:24 Fletching
34:57 Ballistics
35:13 Keep
35:21 Yasama
34:46 Two-Handed Swordsman
35:43 Bodkin Arrow
35:37 Arrowslits
36:58 Bracer
38:03 Hoardings
38:52 Chemistry
39:14 Kataparuto
41:27 Champion
44:41 Treadmill Crane
新竹
0:27 Loom
8:35 Feudal Age
9:04 Double-Bit Axe
11:16 Fletching
12:51 Horse Collar
21:46 Castle Age
20:18 Gold Mining
22:48 Bow Saw
24:09 Bodkin Arrow
25:21 Stone Mining
25:59 Padded Archer Armor
30:31 Imperial Age
28:54 Ballistics
28:53 Town Watch
29:51 Leather Archer Armor
31:27 Bracer
32:36 Wheelbarrow
34:05 Conscription
37:22 Chemistry
36:33 Fortified Wall
37:43 Hand Cart
37:45 Elite Chu Ko Nu
42:30 Ring Archer Armor
Connection lost

Rejoining the realm…

Still unreachable

The connection could not be restored.

Session expired

The server has moved on; the page needs a fresh start.